 Dungeon Crawl Stone Soup version 0.24-a0-497-g5a03d68f59 (webtiles) character file.

Game seed: 13069892953278126621

115284 KristoblXynda the Carver (level 16, -4/120 HPs)
             Began as a Red Draconian Gladiator on July 13, 2019.
             Was the Champion of Hepliaklqana.
             Slain by a naga warrior (22 damage)
             ... on level 1 of the Snake Pit.
             The game lasted 01:14:13 (33395 turns).

KristoblXynda the Carver (Red Draconian Gladiator) Turns: 33395, Time: 01:14:15

Health: -4/120     AC: 16    Str: 18    XL:     16   Next: 18%
Magic:  27/37      EV: 18    Int: 19    God:    Hepliaklqana [******]
Gold:   853        SH: 17    Dex: 14    Spells: 22/31 levels left

rFire    + . .     SeeInvis .   C - +0 scimitar
rCold    . . .     Gourm    .   G - +0 shield
rNeg     . . .     Faith    .   (armour unavailable)
rPois    +         Spirit   .   b - +1 hat
rElec    .         Reflect  +   d - +1 cloak {+Inv}
rCorr    .         Harm     .   v - +1 pair of gloves
MR       +....                  F - +1 pair of boots {run}
Stlth    +.........             N - amulet "Irre" {Reflect MP+9 SH+5}
HPRegen  0.30/turn              D - ring of poison resistance
MPRegen  0.25/turn              o - +6 ring of intelligence

@: lethally poisoned (-4 -> -5), short of breath, studying Shields, quick
A: breathe fire, unfitting armour, reduced essence, fire resistance 1,
cold-blooded, AC +9
a: Breathe Fire, Recall Ancestor, Ancestor Identity, Transference, Idealise,
Renounce Religion, Evoke Invisibility


You were on level 1 of the Snake Pit.
You worshipped Hepliaklqana.
Hepliaklqana was exalted by your worship.
You were very hungry.

You visited 6 branches of the dungeon, and saw 26 of its levels.

You collected 2059 gold pieces.
You spent 1206 gold pieces at shops.

Inventory:

Hand Weapons
 x - the +7 dagger "Aluifet" {venom, rPois rF- MP+9 Dex-3}
   (You found it on level 9 of the Dungeon)

   It poisons the flesh of those it strikes.
   It affects your dexterity (-3).
   It makes you vulnerable to fire.
   It protects you from poison.
   It affects your magic capacity (+9).
 C - a +0 scimitar (weapon)
Missiles
 c - 7 throwing nets (quivered)
Armour
 b - a +1 hat (worn)
 d - a +1 cloak of invisibility (worn)
 e - a +1 pair of boots of flying
 v - a +1 pair of gloves (worn)
 F - a +1 pair of boots of running (worn)
 G - a +0 shield (worn)
Jewellery
 o - a +6 ring of intelligence (right hand)
 D - a ring of poison resistance (left hand)
 N - the amulet "Irre" (around neck) {Reflect MP+9 SH+5}
   (You found it on level 6 of the Lair of Beasts)

   [amulet of reflection]

   It shields you and reflects attacks.
   It affects your magic capacity (+9).
   It affects your SH (+5).
Wands
 u - a wand of digging (4)
 I - a wand of paralysis (11)
 O - a wand of acid (3)
 Q - a wand of clouds (3)
Scrolls
 m - 12 scrolls of teleportation
 r - 3 scrolls of magic mapping
 w - a scroll of identify
 y - 3 scrolls of enchant weapon
 z - 11 scrolls of remove curse
 E - 3 scrolls of amnesia
 K - 2 scrolls of fog
 L - 3 scrolls of blinking
 M - 2 scrolls of immolation
 R - a scroll of fear
Potions
 a - 2 potions of heal wounds
 f - 4 potions of mutation
 h - 3 potions of magic
 i - 6 potions of brilliance
 j - 2 potions of resistance
 k - 2 potions of might
 l - 6 potions of curing
 n - 3 potions of lignification
 p - 2 potions of haste
 q - 4 potions of berserk rage
 s - 3 potions of cancellation
 A - 6 potions of agility
 H - a potion of ambrosia
 S - a potion of invisibility
 T - a potion of flight
Books
 g - a manual of Shields
Miscellaneous
 B - a crystal ball of energy
Comestibles
 t - 4 chunks of flesh
 J - 10 rations


   Skills:
 - Level 10.0 Fighting
 - Level 14.0 Long Blades
 - Level 2.1 Throwing
 - Level 10.1 Dodging
 + Level 11.4 Shields
 + Level 8.3 Spellcasting
 - Level 5.0 Conjurations
 + Level 6.4 Hexes
   Level 4.0 Necromancy
 + Level 10.5 Fire Magic
 - Level 10.0 Invocations
 - Level 10.0 Evocations


You had 22 spell levels left.
You knew the following spells:

 Your Spells              Type           Power        Failure   Level  Hunger
a - Apportation           Tloc           #.....       14%         1    None
b - Fireball              Conj/Fire      #####.....   16%         5    #####..
c - Tukima's Dance        Hex            ####....     3%          3    None

Your spell library contained the following spells:

 Spells                   Type           Power        Failure   Level  Hunger
 Confusing Touch          Hex            ####..       1%          1    None
 Corona                   Hex            ####...      1%          1    None
 Animate Skeleton         Necr           N/A          2%          1    None
 Confuse                  Hex            ####....     3%          3    None
 Dazzling Spray           Conj/Hex       ####..       3%          3    None
 Corpse Rot               Necr           N/A          4%          2    None
 Ensorcelled Hibernation  Hex/Ice        ###...       5%          2    None
 Ignite Poison            Fire/Tmut/Pois ###.....     10%         3    None
 Summon Butterflies       Summ           #.......     14%         1    None
 Summon Small Mammal      Summ           #...         14%         1    None
 Lesser Beckoning         Tloc           #.........   38%         3    None
 Bolt of Fire             Conj/Fire      #####.....   65%         6    ######.
 Invisibility             Hex            ####....     83%         6    ######.
 Alistair's Intoxication  Tmut/Pois      #.......     98%         5    #####..
 Ring of Flames           Chrm/Fire      ####......   100%        7    #######
 Ignition                 Fire           #####.....   100%        8    #######


Dungeon Overview and Level Annotations

Branches:
Dungeon (15/15)            Temple (1/1) D:6            Lair (6/6) D:9
  Swamp (0/4) Lair:3        Snake (1/4) Lair:4        Slime (0/5) Lair:6
    Orc (2/2) D:12            Elf (1/3) Orc:2        Vaults (0/5) D:14
 Depths (0/5) D:15

Altars:
Ashenzari
Cheibriados
Dithmenos
Elyvilon
Fedhas
Gozag
Hepliaklqana
Kikubaaqudgha
Makhleb
Nemelex Xobeh
Okawaru
Ru
Sif Muna
Trog
Uskayaw
Vehumet
Wu Jian
Xom
Yredelemnul
Zin
The Shining One
Jiyva

Shops:
D:5 *   D:15 ?[%   Orc:2 ?}[(*

Annotations:
D:6 Prince Ribbit
D:7 exclusion: upstairs
Lair:4 exclusion: 4 oklob plants
Lair:5 3 runed translucent doors, Vabeppot's ghost, journeyman DrGl


Innate Abilities, Weirdness & Mutations

You can breathe blasts of fire.
Your fiery red scales are hard. (AC +9)
You cannot fit into any form of body armour.
Your flesh is heat resistant. (rF+)
You are cold-blooded and may be slowed by cold attacks.
Your life essence is reduced to manifest your ancestor. (-10% HP)


Message History

You block the naga warrior's attack. x2
Unknown command.
You closely miss the naga warrior.
Your tail-slap misses the naga warrior.
The naga warrior is almost dead.
You feel sick.
Eadwine hits the naga warrior with a +0 broad axe of flaming.
Eadwine burns the naga warrior.
Your +0 war axe is engulfed in blazing flames.
Your +0 war axe hits the naga warrior.
The naga warrior spits poison at you. The splash of poison misses you.
Eadwine closely misses the naga warrior.
You miss the naga warrior.
The naga warrior is almost dead.
Eadwine closely misses the naga warrior.
Unknown command.
You completely miss the naga warrior.
The naga warrior is almost dead.
The naga warrior hits you!!
You die...

### ..######### #######
..........### #.....
............###.#.#.#.#.
.........#..†.(N@.......
.....#######..R.#.#.#.#.
.....# ###...... .......
#..#.#.# ........
#........ ........
...#.#.#.# ......
............ ....
....#.#.#.#. ...


You could see the friendly Eadwine the knight, a naga warrior and a friendly +0
war axe.

Vanquished Creatures
  Kirke (D:15)
  A fire dragon (D:11)
  4 vault guards (D:14)
  4 hydras
  Fannar (D:12)
  An anaconda (Snake:1)
  2 death knights
  3 centaur warriors
  A dancing weapon (Elf:1)
  5 two-headed ogres
  2 orc high priests (Orc:2)
  10 death yaks
  Nergalle (D:11)
  Sonja (D:12)
  A wizard (D:14)
  An unseen horror (D:13)
  3 orc knights
  Pikel (D:5)
  A lindwurm (Lair:4)
  15 ugly things
  4 orc sorcerers
  5 deep elf magi
  A manticore (D:14)
  Maurice (D:9)
  3 cyclopes
  A gargoyle (D:14)
  10 elephants
  13 spiny frogs
  7 black mambas
  2 rime drakes
  4 kobold demonologists
  2 freezing wraiths
  11 komodo dragons
  2 tengu conjurers
  The ghost of forest the Covert, a novice SpAs (D:5)
  6 trolls
  8 polar bears
  4 meliai
  A queen bee (Lair:4)
  A slime creature (shapeshifter) (D:15)
  8 hippogriffs
  9 hornets
  15 blink frogs
  10 spriggans (Lair:6)
  28 yaks
  2 wraiths
  2 vampires
  A hog (D:15)
  A human (shapeshifter) (D:15)
  3 wyverns
  A human (D:15)
  5 basilisks
  Grum (D:10)
  Menkaure (D:6)
  3 vampire mosquitoes (D:15)
  6 wargs
  A naga (Lair:4)
  A soldier ant (D:15)
  13 water moccasins
  An acid dragon (D:12)
  10 porcupines
  11 orc warriors
  A swamp drake (Lair:3)
  2 black bears (D:9)
  3 ice beasts
  4 sky beasts
  2 ogres
  A phantom (D:13)
  7 boggarts
  A necrophage (D:10)
  22 wolves
  11 centaurs
  12 crocodiles
  2 big kobolds
  A knight (Orc:2)
  18 bullfrogs
  Blork the orc (D:5)
  A wyvern skeleton (D:14)
  2 scorpions (D:9)
  42 killer bees
  2 wights (D:6)
  4 howler monkeys
  6 electric eels
  A bullfrog zombie (D:9)
  2 centaur zombies
  2 crimson imps
  4 hounds
  3 bullfrog skeletons
  2 quasits
  10 orc priests
  2 jellies
  4 centaur skeletons
  Jessica (D:3)
  15 orc wizards
  4 iguanas
  8 worker ants
  2 hound zombies
  A howler monkey zombie (D:7)
  2 worker ant zombies
  A gnoll (D:8)
  9 adders
  A shadow imp (D:7)
  A white imp (D:8)
  An ooze (D:3)
  2 adder skeletons (D:5)
  A worm (D:2)
  A dart slug (D:5)
  5 leopard geckos
  65 orcs
  5 giant cockroaches
  7 goblins
  6 hobgoblins
  10 jackals
  8 quokkas
  2 ball pythons
  6 bats
  9 frilled lizards
  18 kobolds
  A quokka skeleton (D:4)
  A quokka zombie (D:9)
  8 rats
655 creatures vanquished.

Vanquished Creatures (collateral kills)
  An ettin (Orc:2)
  A hydra (Lair:4)
  A catoblepas (D:14)
  A vault guard (D:14)
  An anaconda (Snake:1)
  A two-headed ogre (D:8)
  2 death yaks (Lair:5)
  A shock serpent (Snake:1)
  An orc high priest (Orc:2)
  A skeletal warrior (D:13)
  An orc knight (Orc:2)
  4 ugly things
  A cyclops (D:14)
  2 slime creatures (D:15)
  An orc sorcerer (Orc:1)
  A manticore (D:14)
  A salamander (Snake:1)
  2 elephants
  2 black mambas
  8 spiny frogs
  A centaur skeleton (D:14)
  3 rime drakes
  A yaktaur (D:14)
  A komodo dragon (Lair:6)
  A polar bear (Lair:6)
  2 meliai (D:15)
  3 trolls
  2 dream sheep (Lair:6)
  2 blink frogs
  2 hippogriffs
  4 spriggans
  A shadow (D:12)
  4 yaks
  2 hungry ghosts
  A wyvern (Lair:5)
  2 nagas
  An acid dragon (D:14)
  2 water moccasins
  An eye of draining (D:15)
  13 orc warriors
  3 ice beasts
  A sky beast (D:10)
  2 black bears (Lair:6)
  4 ogres
  3 centaurs (D:15)
  8 wolves
  5 crocodiles
  4 big kobolds
  5 bullfrogs
  3 killer bees (Lair:4)
  A wight (D:6)
  2 electric eels
  6 crimson imps
  3 centaur zombies
  A jelly (D:11)
  A hound (D:14)
  4 orc priests
  9 orc wizards
  A bullfrog skeleton (D:5)
  2 iguanas
  3 adders
  A white imp (D:8)
  A worker ant simulacrum (D:8)
  An ufetubus (D:8)
  2 worms (D:5)
  4 leopard geckos
  33 orcs
  3 giant cockroaches
  A goblin (D:8)
  2 quokkas
  10 kobolds
  A leopard gecko skeleton (D:6)
  3 plants
216 creatures vanquished.

Vanquished Creatures (others)
  A yaktaur (D:14)
  A dancing weapon (Snake:1)
  3 humans (D:15)
  3 centaurs (D:15)
  A bullfrog (D:15)
  15 knights
  3 ancestors
  13 fungi
  4 plants
44 creatures vanquished.

Grand Total: 915 creatures vanquished

Notes
Turn   | Place    | Note
-------+----------+-------------------------------------------
     0 | D:1      | KristoblXynda the Draconian Gladiator began the quest for
                  | the Orb.
     0 | D:1      | Reached XP level 1. HP: 17/17 MP: 1/1
   238 | D:1      | Reached XP level 2. HP: 20/25 MP: 2/2
   886 | D:2      | Reached XP level 3. HP: 30/30 MP: 3/3
  1337 | D:3      | Reached skill level 4 in Long Blades
  1337 | D:3      | Reached XP level 4. HP: 18/38 MP: 4/4
  1962 | D:3      | Found a faded altar of an unknown god.
  2032 | D:3      | Noticed Jessica
  2037 | D:3      | Killed Jessica
  2037 | D:3      | Reached XP level 5. HP: 44/45 MP: 5/5
  2044 | D:3      | Identified Jessica's Guide on Evil
  2070 | D:3      | Learned a level 2 spell: Corpse Rot
  2238 | D:3      | You fall into a shaft and drop 2 floors!
  2238 | D:5      | Entered Level 5 of the Dungeon
  2264 | D:5      | Found Ofust's Assorted Antiques.
  2346 | D:4      | Found a hazy altar of Hepliaklqana.
  2356 | D:4      | Became a worshipper of Hepliaklqana the Forgotten
  2592 | D:4      | Reached skill level 5 in Long Blades
  2592 | D:4      | Reached skill level 1 in Necromancy
  2668 | D:4      | Reached XP level 6. HP: 24/45 MP: 6/6
  2706 | D:4      | HP: 1/45 [killer bee (7)]
  3019 | D:4      | Reached * piety under Hepliaklqana
  3618 | D:5      | Your scales start taking on a fiery red colour.
  3618 | D:5      | Reached XP level 7. HP: 51/51 MP: 7/7
  3618 | D:5      | Gained mutation: Your flesh is heat resistant. (rF+) [Red
                  | Draconian growth]
  3624 | D:5      | Reached skill level 6 in Long Blades
  3643 | D:5      | Noticed Blork the orc
  3648 | D:5      | Killed Blork the orc
  3879 | D:5      | Reached skill level 7 in Long Blades
  3947 | D:5      | Reached skill level 5 in Dodging
  3947 | D:5      | Reached XP level 8. HP: 56/56 MP: 8/8
  3950 | D:5      | Found a runed translucent door.
  3950 | D:5      | Noticed forest's ghost (novice SpAs)
  3959 | D:5      | Killed forest's ghost
  4141 | D:5      | Noticed Pikel
  4157 | D:5      | Killed Pikel
  4157 | D:5      | Reached skill level 8 in Long Blades
  4290 | D:6      | Found a staircase to the Ecumenical Temple.
  4294 | D:6      | Noticed Menkaure
  4299 | D:6      | Killed Menkaure
  4336 | D:6      | Reached XP level 9. HP: 56/63 MP: 11/11
  4422 | D:6      | Found a radiant altar of Vehumet.
  4452 | D:6      | Found a sacrificial altar of Ru.
  4469 | D:6      | Reached skill level 9 in Long Blades
  4509 | D:6      | Reached ** piety under Hepliaklqana
  4551 | D:6      | Noticed Prince Ribbit
  4555 | D:6      | Remembered your ancestor Eadwine as a knight
  4667 | D:6      | Found a snail-covered altar of Cheibriados.
  5609 | D:7      | Found a blossoming altar of Fedhas.
  5609 | D:7      | Found a glowing silver altar of Zin.
  5799 | D:7      | Found Wupum's Food Boutique.
  6147 | D:7      | Found a bloodstained altar of Trog.
  6395 | D:8      | Noticed a two-headed ogre
  6406 | D:8      | Killed a two-headed ogre
  6406 | D:8      | Reached skill level 10 in Long Blades
  6406 | D:8      | Reached skill level 5 in Invocations
  6503 | D:8      | Reached XP level 10. HP: 52/69 MP: 14/14
  6509 | D:8      | Reached skill level 1 in Evocations
  6778 | D:8      | Found a hide-covered altar of Uskayaw.
  6778 | D:8      | Noticed a +0 dagger
  6778 | D:8      | Noticed a +0 dagger
  6779 | D:8      | Reached *** piety under Hepliaklqana
  6921 | D:8      | Found an ornate altar of the Wu Jian Council.
  7433 | D:8      | Reached skill level 11 in Long Blades
  7827 | D:8      | Found a white marble altar of Elyvilon.
  7888 | D:8      | Found an iron altar of Okawaru.
  8250 | D:9      | Learned a level 1 spell: Apportation
  8323 | D:9      | Got a pitted dagger
  8324 | D:9      | Identified the +7 dagger "Aluifet" {venom, rPois rF- MP+9
                  | Dex-3} (You found it on level 9 of the Dungeon)
  8484 | D:9      | Found a staircase to the Lair.
  8636 | D:9      | Noticed Maurice
  8637 | D:9      | Paralysed by Maurice for 2 turns
  8641 | D:9      | Killed Maurice
  9011 | D:9      | Reached XP level 11. HP: 61/73 MP: 16/16
  9382 | D:10     | Entered Level 10 of the Dungeon
  9428 | D:10     | Reached skill level 1 in Shields
  9483 | D:10     | Reached skill level 5 in Evocations
  9721 | D:10     | Noticed Grum
  9730 | D:10     | Killed Grum
 10124 | D:11     | Noticed Nergalle
 10139 | D:11     | Killed Nergalle
 10162 | D:11     | You fall into a shaft and drop 3 floors!
 10667 | D:14     | Reached **** piety under Hepliaklqana
 10669 | D:14     | Noticed a two-headed ogre
 10676 | D:14     | Killed a two-headed ogre
 10731 | D:14     | Noticed a white ugly thing
 10731 | D:14     | Noticed a white ugly thing
 10732 | D:14     | Noticed a white ugly thing
 10736 | D:14     | Noticed a white ugly thing
 10738 | D:14     | Noticed a white ugly thing
 10741 | D:14     | Noticed a white ugly thing
 10744 | D:14     | Killed a brown ugly thing
 10744 | D:14     | Reached skill level 12 in Long Blades
 10749 | D:14     | Killed a white ugly thing
 10753 | D:14     | Killed a red ugly thing
 10757 | D:14     | Killed a red ugly thing
 10761 | D:14     | Killed a red ugly thing
 10773 | D:14     | Killed a white ugly thing
 10935 | D:14     | Noticed a two-headed ogre
 10960 | D:14     | Killed a two-headed ogre
 10960 | D:14     | Reached XP level 12. HP: 49/80 MP: 18/18
 11158 | D:14     | HP: 3/80 [white ugly thing (22)]
 11171 | D:14     | Reached skill level 5 in Shields
 11292 | D:14     | Found a hide-covered altar of Uskayaw.
 11465 | D:14     | Noticed a catoblepas
 11476 | D:14     | Killed a catoblepas
 11485 | D:14     | Reached skill level 10 in Invocations
 12157 | D:14     | Noticed a vault guard
 12559 | D:13     | Noticed a two-headed ogre
 12572 | D:13     | Killed a two-headed ogre
 12572 | D:13     | Reached skill level 5 in Fighting
 12868 | D:13     | Reached skill level 13 in Long Blades
 13192 | D:13     | Noticed a centaur warrior
 13202 | D:13     | Killed a centaur warrior
 13249 | D:13     | Noticed a death knight
 13284 | D:13     | Killed a death knight
 13317 | D:13     | Reached XP level 13. HP: 51/91 MP: 20/20
 13882 | D:12     | Noticed Sonja
 13888 | D:12     | Killed Sonja
 13909 | D:12     | Reached ***** piety under Hepliaklqana
 14356 | D:12     | Noticed Fannar
 14361 | D:12     | Killed Fannar
 14422 | D:12     | Paralysed by a hornet for 1 turns
 14499 | D:12     | Found a staircase to the Orcish Mines.
 15261 | D:11     | Noticed a fire dragon
 15271 | D:11     | Killed a fire dragon
 15555 | D:11     | Found a shattered altar of Ashenzari.
 15559 | D:11     | Saw a vision of the Swamp and the Snake Pit.
 15648 | Lair:1   | Entered Level 1 of the Lair of Beasts
 15653 | Lair:1   | You fall into a shaft and drop 1 floor!
 16142 | Lair:2   | Reached skill level 10 in Dodging
 17883 | Lair:1   | Learned a level 5 spell: Fireball
 17890 | Lair:1   | Reached skill level 1 in Spellcasting
 17963 | Lair:1   | Reached skill level 10 in Evocations
 18479 | Lair:2   | Reached skill level 14 in Long Blades
 18480 | Lair:2   | Reached skill level 1 in Fire Magic
 18899 | Lair:3   | Reached skill level 1 in Conjurations
 19102 | Lair:3   | Reached XP level 14. HP: 87/104 MP: 21/21
 19198 | Lair:3   | Reached ****** piety under Hepliaklqana
 19373 | Lair:3   | Found a staircase to the Swamp.
 20568 | Lair:4   | Found a staircase to the Snake Pit.
 20772 | Lair:4   | Reached skill level 5 in Fire Magic
 22153 | Lair:5   | Reached skill level 10 in Fighting
 22319 | Lair:5   | Learned a level 3 spell: Tukima's Dance
 22459 | Lair:5   | Found a runed translucent gate.
 22460 | Lair:5   | Found a runed translucent gate.
 22461 | Lair:5   | Found a runed translucent gate.
 22464 | Lair:5   | Noticed Vabeppot's ghost (journeyman DrGl)
 22577 | Lair:5   | Reached skill level 5 in Spellcasting
 22699 | Lair:5   | Reached skill level 5 in Conjurations
 22888 | Lair:6   | Entered Level 6 of the Lair of Beasts
 23304 | Lair:6   | Reached skill level 1 in Hexes
 23614 | Lair:6   | Found a viscous altar of Jiyva.
 23615 | Lair:6   | Found a staircase to the Slime Pits.
 24044 | Lair:5   | Reached XP level 15. HP: 85/113 MP: 23/23
 25312 | Lair:6   | Got a shimmering brass amulet
 25335 | Lair:6   | Identified the amulet "Irre" {Reflect MP+9 SH+5} (You found
                  | it on level 6 of the Lair of Beasts)
 26037 | Orc:1    | Entered Level 1 of the Orcish Mines
 26241 | Temple   | Entered the Ecumenical Temple
 26370 | D:7      | Bought a ration for 50 gold pieces
 26370 | D:7      | Bought a ration for 50 gold pieces
 26370 | D:7      | Bought a ration for 50 gold pieces
 26370 | D:7      | Bought a ration for 50 gold pieces
 26370 | D:7      | Bought a ration for 50 gold pieces
 26370 | D:7      | Bought a ration for 50 gold pieces
 26370 | D:7      | Bought a ration for 50 gold pieces
 26370 | D:7      | Bought a ration for 50 gold pieces
 26704 | Orc:1    | HP: 1/113 [orc warrior/+0 mace (12)]
 27218 | Orc:2    | Entered Level 2 of the Orcish Mines
 27218 | Orc:2    | Found Kogex's Magic Scroll Shop.
 28801 | Orc:2    | Found a staircase to the Elven Halls.
 29175 | Orc:2    | Found Pumuiw's Assorted Antiques.
 29175 | Orc:2    | Found Cuokoker's Weapon Emporium.
 29177 | Orc:2    | Found Maket's Antique Armour Shop.
 29177 | Orc:2    | Found Naef's Gadget Emporium.
 29185 | Orc:2    | Bought a glowing cloak for 165 gold pieces
 29185 | Orc:2    | Bought a scroll labeled ZIPNUIS DORCH for 22 gold pieces
 29223 | Orc:2    | Bought a lumpy coppery potion for 19 gold pieces
 29226 | Orc:2    | Bought a wand of paralysis (8) for 110 gold pieces
 29226 | Orc:2    | Bought a wand of clouds (3) for 231 gold pieces
 29314 | Elf:1    | Entered Level 1 of the Elven Halls
 29861 | D:14     | Reached skill level 5 in Hexes
 29882 | D:14     | Reached skill level 10 in Shields
 30213 | D:14     | Found a gate to the Vaults.
 30590 | D:15     | Entered Level 15 of the Dungeon
 30921 | D:15     | Found Heufyite's Magic Scroll Emporium.
 30925 | D:15     | Noticed Kirke
 30952 | D:15     | Killed Kirke
 31107 | D:15     | Bought a scroll of identify for 32 gold pieces
 31107 | D:15     | Bought a scroll of identify for 32 gold pieces
 31362 | D:15     | Found Natsytiw's Antique Armour Shoppe.
 31385 | D:15     | Found Risch's Food Emporium.
 31423 | D:15     | Bought a pair of runed boots for 195 gold pieces
 31434 | D:15     | Identified a +1 pair of boots of running (You bought it in
                  | a shop on level 15 of the Dungeon)
 31610 | D:15     | Reached skill level 10 in Fire Magic
 31982 | D:15     | Reached XP level 16. HP: 107/120 MP: 28/28
 32693 | D:15     | Found a staircase to the Depths.
 32976 | Snake:1  | Entered Level 1 of the Snake Pit
 33395 | Snake:1  | Slain by a naga warrior

Levels and vault maps discovered:
D:1:      arrival_zaba_pyramid, layout_basic, hex_intersection,
          palyth_stone_intersect, chequers_serial_rivers_small_b
D:2:      layout_basic
D:3:      layout_loops_corners, chequers_ecumenical_altar_island, first_ration,
          hangedman_decor_clover_reticule, kennysheep_jessica_study
D:4:      layout_gridville, kennysheep_mini_moat, grunt_ministairs_4
D:5:      layout_gridville, serial_shops, shop, gammafunk_ghost_grave,
          uniq_blork_the_orc, uniq_pikel
D:6:      layout_gridville, nicolae_ru_path_of_blood, old_standard_altar,
          nicolae_overflow_hidden_temple, minmay_temple_entry_sparse_star,
          uniq_menkaure, uniq_prince_ribbit1
D:7:      layout_basic, lightli_temple_of_fire,
          gammafunk_temple_overflow_statue, serial_shops,
          nicolae_shop_behind_doors, chequers_avenue, the_bakery
D:8:      layout_loops_ring, dancing_weapons_uskayaw, okawaru_altar_gauntlet_db,
          overflow_temple_1_default, elyvilon_altar_5, serial_ice, serial_ice_i,
          serial_ice_c, serial_ice_m, serial_ice_e
D:9:      layout_basic, david_lair_shrubbed, uniq_maurice
D:10:     cheibrodos_helix_gallery, layout_rooms, uniq_grum
D:11:     layout_cave_pools, grunt_ashenzari_visionary
          [grunt_ashenzari_visionary_swamp, grunt_ashenzari_visionary_snake],
          uniq_nergalle
D:12:     layout_stronghold, minmay_orc_entry_guard_dogs, uniq_sonja,
          uniq_fannar
D:13:     layout_rooms, serial_corexii_hall, corexii_hall_statues_u,
          corexii_hall_statues_deadend
D:14:     layout_stronghold, grunt_vaults_entry_fortified, basic_altar,
          kennysheep_generic_room_10
D:15:     gammafunk_enter_depths_forms, layout_loops_ring, skrybe_limestone_x,
          serial_shops, nicolae_shop_waterfront, shop, shop, uniq_kirke
Temple:   pf_slimified_temple
Lair:1:   layout_long_grid, st_stairs_8, serial_bayou_lagoon_b,
          serial_bayou_shore_b, serial_bayou_shore_a, lemuel_fruit_tree,
          grunt_megastairs_2
Lair:2:   layout_cave_shapes, st_stairs_10, grunt_megastairs_4
Lair:3:   layout_chaotic_city, minmay_swamp_entry_reptiles,
          infiniplex_staircase_pool
Lair:4:   hangedman_what_comes_after_a, layout_regular_city,
          guppyfry_snake_entry_island
Lair:5:   layout_regular_city, gammafunk_ghost_split, lemuel_fruit_fields
Lair:6:   minmay_lair_end_enchanted_forest, layout_layer_cave, slime_altar_1
Snake:1:  layout_onion, st_stairs_11, nicolae_snake_lava_pool
Orc:1:    layout_caves
Orc:2:    grunt_orc_tribal_feast, layout_diamond_mine, serial_shops, shop
Elf:1:    layout_loops_cross, minivault_28, nicolae_rare_books

Skill      XL: |  1  2  3  4  5  6  7  8  9 10 11 12 13 14 15 16 |
---------------+-------------------------------------------------+-----
Throwing       | 2 |  2.1
Dodging        | 3 4 5 6 7 8 9 10 | 10.1
Fighting       | 3 6 8 10 | 10.0
Long Blades    | 4 5 7 8 10 11 12 13 14 | 14.0
Necromancy     | 1 2 3 4 |  4.0
Invocations    | 3 5 7 9 10 | 10.0
Evocations     | 4 6 8 10 | 10.0
Shields        | 4 5 7 10 11 | 11.4
Spellcasting   | 2 5 8 |  8.3
Fire Magic     | 2 7 10 | 10.5
Conjurations   | 1 5 |  5.0
Hexes          | 2 5 6 |  6.4

Action                   |  1- 3 |  4- 6 |  7- 9 | 10-12 | 13-15 | 16-18 || total
-------------------------+-------+-------+-------+-------+-------+-------++-------
Melee: Long sword        |    91 |   101 |   243 |   135 |       |       ||   570
       Tailslap          |    11 |    12 |    31 |    85 |   318 |    27 ||   484
       Dagger            |       |       |       |   493 |  1683 |       ||  2176
       Scimitar          |       |       |       |       |   410 |   157 ||   567
Throw: Throwing net      |     1 |       |       |       |       |       ||     1
 Cast: Corpse Rot        |       |     1 |     2 |       |       |       ||     3
       Tukima's Dance    |       |       |       |       |       |     6 ||     6
Invok: Ancestor Life: Kn |       |       |     1 |       |       |       ||     1
       Recall Ancestor   |       |       |       |     1 |     1 |     1 ||     3
 Abil: Breathe Fire      |       |       |     7 |    30 |    53 |     7 ||    97
Evoke: Wand              |       |     1 |     1 |    15 |    19 |       ||    36
  Use: Scroll            |       |    11 |     3 |    10 |    18 |     2 ||    44
       Potion            |       |     2 |       |     4 |     1 |       ||     7
 Stab: Sleeping          |     1 |       |       |     1 |     3 |       ||     5
       Held in net/web   |     1 |       |       |       |       |       ||     1
       Paralysed         |       |     3 |     5 |    14 |    10 |       ||    32
       Distracted        |       |       |     3 |       |    14 |     1 ||    18
  Eat: Chunk             |     1 |     4 |    21 |    22 |    48 |     1 ||    97
       Ration            |       |     1 |     1 |     3 |     7 |     1 ||    13
Armor: Skin              |    37 |    30 |    77 |   162 |   322 |    29 ||   657
Dodge: Dodged            |    81 |    85 |   183 |   387 |  1023 |    72 ||  1831
Block: Buckler           |       |       |       |    70 |   578 |     4 ||   652
       Reflection        |       |       |       |       |    27 |     5 ||    32
       Shield            |       |       |       |       |       |   114 ||   114
       Rpst.: Long sword |    26 |    37 |    53 |    35 |       |       ||   151
       Scimitar          |       |       |       |       |    39 |    23 ||    62

Table legend:
 A = Non-vault XP
 B = Vault XP
 C = Vault XP percentage of total XP
 D = Non-vault monster count
 E = Vault monster count
 F = Vault count percentage of total count
                 A         B        C        D         E       F
            +---------+---------+-------+---------+---------+-------
      Total |  112826 |   51866 |  31.5 |     657 |     214 |  24.6
            +---------+---------+-------+---------+---------+-------
        D:1 |      25 |       0 |   0.0 |      15 |       0 |   0.0
        D:2 |      38 |       0 |   0.0 |      17 |       0 |   0.0
        D:3 |     108 |      39 |  26.5 |      20 |       2 |   9.1
        D:4 |     370 |      33 |   8.2 |      15 |       2 |  11.8
        D:5 |     929 |    1052 |  53.1 |      28 |       3 |   9.7
        D:6 |     361 |     172 |  32.3 |      19 |       1 |   5.0
        D:7 |    1080 |     224 |  17.2 |      27 |       1 |   3.6
        D:8 |    2491 |    2242 |  47.4 |      37 |      20 |  35.1
        D:9 |    2343 |     875 |  27.2 |      35 |       2 |   5.4
       D:10 |    1434 |     542 |  27.4 |      29 |       5 |  14.7
       D:11 |    2234 |     816 |  26.8 |      20 |       1 |   4.8
       D:12 |    6536 |    2444 |  27.2 |      44 |       6 |  12.0
       D:13 |    8296 |       0 |   0.0 |      28 |       0 |   0.0
       D:14 |   13716 |    8489 |  38.2 |      34 |      12 |  26.1
       D:15 |   12872 |    5794 |  31.0 |      54 |      12 |  18.2
     Lair:1 |    4395 |     659 |  13.0 |      28 |       3 |   9.7
     Lair:2 |    5952 |     440 |   6.9 |      24 |       2 |   7.7
     Lair:3 |    9537 |     311 |   3.2 |      31 |       4 |  11.4
     Lair:4 |    5268 |   11686 |  68.9 |      18 |      64 |  78.0
     Lair:5 |    7904 |    1078 |  12.0 |      23 |       6 |  20.7
     Lair:6 |   15176 |    7159 |  32.1 |      39 |      35 |  47.3
    Snake:1 |    4438 |     380 |   7.9 |       7 |       3 |  30.0
      Orc:1 |    2906 |     664 |  18.6 |      39 |       1 |   2.5
      Orc:2 |    2392 |    6767 |  73.9 |      23 |      29 |  55.8
      Elf:1 |    2025 |       0 |   0.0 |       3 |       0 |   0.0
            +---------+---------+-------+---------+---------+-------
